 Dungeon Crawl Stone Soup version 0.29.1-15-g9cfb28693d (webtiles) character file.

Game seed: 9256298835160854999

46 Libra00 the Ruffian (level 3, -1/36 HPs)
             Began as a Troll Fighter on June 5, 2023.
             Killed from afar by Sigmund (6 damage)
             ... with a magic dart
             ... on level 2 of the Dungeon.
             The game lasted 00:02:26 (764 turns).

Libra00 the Ruffian (Troll Fighter)                  Turns: 764, Time: 00:02:27

Health: -1/36      AC:  4    Str: 26    XL:     3   Next: 46%
Magic:  2/2        EV:  8    Int:  4    God:
Gold:   44         SH:  7    Dex:  9    Spells: 2/2 levels left

rFire   . . .      SeeInvis .     - Unarmed
rCold   . . .      Faith    .   b - +0 kite shield
rNeg    . . .      Spirit   .   a - +0 robe
rPois   .          Reflect  .   (helmet restricted)
rElec   .          Harm     .   (no cloak)
rCorr   .          Rampage  .   (gloves unavailable)
Will    .....                   (boots unavailable)
Stlth   +.........              (no amulet)
HPRegen 0.92/turn               (no ring)
MPRegen 0.08/turn               (no ring)

@: mighty
A: large, unfitting armour, claws 3, regeneration 1, shaggy fur 1, tough skin 1
a: no special abilities


You were on level 2 of the Dungeon.
You visited 1 branch of the dungeon, and saw 2 of its levels.

You collected 44 gold pieces.

Inventory:

Armour
 a - a +0 robe (worn)
 b - a +0 kite shield (worn)
Scrolls
 d - a scroll of teleportation {unknown}
 e - a scroll of butterflies {unknown}
 f - a scroll of immolation {unknown}
 g - a scroll of torment {unknown}


   Skills:
 + Level 2.8 Fighting
 - Level 2.4 Dodging
 + Level 3.1 Shields
 * Level 3.1 Unarmed Combat


You had 2 spell levels left.
You didn't know any spells.
Your spell library was empty.

Dungeon Overview and Level Annotations

Branches:
Dungeon (2/15)

Altars:

Annotations:
D:2 Sigmund


Innate Abilities, Weirdness & Mutations

You are too large for most types of armour.
You have claws for hands.
Your natural rate of healing is unusually fast.
You are covered in fur. (AC +1)
You have tough skin. (AC +1)


Message History

Sigmund shouts!
Sigmund drinks a potion.
Sigmund suddenly seems more resistant.
Sigmund casts a spell.
Sigmund flickers and vanishes!
Deactivating autopickup; reactivate with Ctrl-A.
The adder attacks as you move away! You block the adder's attack.
The adder barely misses you. The adder attacks as you move away!
The adder barely misses you. The adder attacks as you move away!
You block the adder's attack.
You closely miss the adder. You block the adder's attack. The adder bites you.
You completely miss the adder. The adder closely misses you.
You scratch the adder.
The adder is severely wounded.
You block the adder's attack. Something hits you.
You claw the adder!
You kill the adder!
Something hits you.
You see here an adder corpse.
You start resting.
Something hits you.
You start resting.
Something hits you!
You start resting.
Something hits you but does no damage.
You closely miss something. You miss something. Something hits you!
You barely miss something. Something hits you!
* * * LOW HITPOINT WARNING * * *
You closely miss something. Something hits you.
* * * LOW HITPOINT WARNING * * *
You barely miss something.
You feel very mighty all of a sudden. You block something's attack.
You closely miss something. Something hits you!
* * * LOW HITPOINT WARNING * * *
You barely miss something. You miss something. Something completely misses you.
You closely miss something.
You hear some strange, mumbled words.
A magic dart appears from out of thin air!
The magic dart hits you.
You die...

#. .## .# ..###.#
......# #.##..#
#.##.{# #
#.##..#### ##.
#.##.....#
##...##@##.....##
.....<..{.$......#
.#...##...........
.<.. #.#........#
.## #.##.....###
.. #####.###...[#
#. #.....# ##..###
#. #.##### .....
#. ##.# ....


There were no monsters in sight!

Vanquished Creatures
  2 adders (D:2)
  2 dart slugs (D:1)
  3 endoplasms (D:1)
  2 giant cockroaches (D:1)
  3 goblins
  4 hobgoblins (D:1)
  A kobold (D:1)
  3 ball pythons (D:1)
  A bat (D:2)
  A frilled lizard (D:1)
  3 rats (D:1)
25 creatures vanquished.

Vanquished Creatures (others)
  6 plants (D:1)
6 creatures vanquished.

Grand Total: 31 creatures vanquished

Notes
Turn   | Place    | Note
-------+----------+-------------------------------------------
     0 | D:1      | Libra00 the Troll Fighter began the quest for the Orb.
     0 | D:1      | Reached XP level 1. HP: 22/22 MP: 0/0
   112 | D:1      | Reached XP level 2. HP: 23/29 MP: 1/1
   226 | D:1      | Found a faded altar of an unknown god.
   691 | D:2      | Reached XP level 3. HP: 21/36 MP: 2/2
   740 | D:2      | Noticed Sigmund
   764 | D:2      | Killed from afar by Sigmund

Illustrated notes

Levels and vault maps discovered:
D:1:      dpeg_arrival_castle, layout_rooms, shapermc_ecumenical_altar_venn,
          serial_forest, infiniplex_forest_lined_3,
          infiniplex_forest_clump_double, infiniplex_forest_fountain,
          infiniplex_forest_lined_3, infiniplex_forest_clump_curved,
          infiniplex_forest_clump_medium
D:2:      layout_loops_ring, uniq_sigmund, uniq_terence

Skill      XL: |  1  2 |
---------------+-------+-----
Shields        | 3 |  3.1
Unarmed Combat | 3 |  3.1
Fighting       | |  2.8
Dodging        | |  2.4

Action                   || total
-------------------------++-------
Melee: Unarmed           ||    94
  Use: Potion            ||     1
Armor: Robe              ||    43
Dodge: Dodged            ||    36
Block: Kite shield       ||    44
